[Event "Titled Tuesday Blitz May 4 2021"]
[White "MATHEUSMDR2005"]
[Black "Erdogdu, Mert"]
[BlackFideId "6301495"]
[WhiteElo "2356"]
[BlackElo "2485"]
[Result "0-1"]
[Round "05"]
[TimeControl "180+1"]
[Date "2021.05.04"]
[WhiteClock "0:00:16"]
[BlackClock "0:01:03"]

1. c4 e6 2. Nf3 d5 3. e3 c5 4. Nc3 Nf6 5. cxd5 exd5 6. d4 a6 7. Be2 c4 8. O-O Bb4 9. Ne5 O-O 10. f4 Bf5 11. g4 Bxc3 12. bxc3 Be4 13. Bf3 Bxf3 14. Qxf3 Ne4 15. Bb2 Nd2 16. Qg3 Nxf1 17. Rxf1 f6 18. Nf3 Re8 19. Nh4 Nc6 20. Ba3 Qa5 21. Bd6 Qxc3 22. Rf3 Re6 23. g5 fxg5 24. Nf5 g4 25. Qxg4 Rg6 26. Qxg6 hxg6 27. e4 Qxf3 0-1


[Site "https://www.chess.com"]

[Event "Titled Tuesday Blitz May 4 2021"]
[White "Maiorov, Nikita"]
[Black "Lamaze, Simon"]
[WhiteFideId "13501720"]
[BlackFideId "36069264"]
[WhiteElo "2440"]
[BlackElo "1938"]
[Result "1-0"]
[Round "05"]
[TimeControl "180+1"]
[Date "2021.05.04"]
[WhiteClock "0:01:47"]
[BlackClock "0:00:46"]

1. d4 Nf6 2. c4 e6 3. Nf3 d5 4. Nc3 Bb4 5. Bg5 O-O 6. e3 c6 7. Bd3 Qa5 8. O-O Bxc3 9. bxc3 Nbd7 10. Qc2 h6 11. Bf4 b6 12. Nd2 Ba6 13. a4 Rfc8 14. Nb3 dxc4 15. Bh7+ Nxh7 16. Nxa5 bxa5 17. e4 Nhf6 18. Rad1 Re8 19. Bd6 Rac8 20. f4 c5 21. dxc5 Nxc5 22. Bxc5 Rxc5 23. Rfe1 Rc7 24. e5 Nd5 25. f5 Bb7 26. f6 g6 27. Rd4 Rd7 28. Qc1 h5 29. Qh6 1-0


[Site "https://www.chess.com"]

[Event "Titled Tuesday Blitz May 4 2021"]
[White "Maly, Alexey"]
[Black "Alavkin, Arseny"]
[WhiteFideId "14103184"]
[BlackFideId "4120612"]
[WhiteElo "2314"]
[BlackElo "2416"]
[Result "0-1"]
[Round "05"]
[TimeControl "180+1"]
[Date "2021.05.04"]
[WhiteClock "0:01:34"]
[BlackClock "0:00:56"]

1. d4 Nf6 2. c4 g6 3. Nc3 Bg7 4. e4 d6 5. Be2 O-O 6. Nf3 e5 7. O-O Na6 8. d5 Nc5 9. Qc2 a5 10. Ne1 Ne8 11. Be3 f5 12. f3 f4 13. Bf2 g5 14. b3 h5 15. Rb1 Bd7 16. a3 a4 17. b4 Nb3 18. Kh1 g4 19. Nd3 Qg5 20. Qd1 Nd4 21. Bxd4 exd4 22. Nb5 Qh4 23. Kg1 g3 24. h3 Bxh3 25. gxh3 Qxh3 26. Rf2 gxf2+ 27. Nxf2 Qg3+ 28. Kf1 h4 29. Nxd4 h3 30. Ne6 h2 31. Bd3 Rf6 32. Ke2 Rh6 33. Qh1 Nf6 34. Nd4 Nxd5 35. Nf5 Nc3+ 36. Kf1 Qg1+ 37. Qxg1 hxg1=Q+ 38. Kxg1 Rg6+ 39. Kf1 Nxb1 40. Ne7+ Kf7 41. Nxg6 Kxg6 42. Bxb1 Bb2 43. e5+ Kf7 44. exd6 cxd6 45. Ne4 Ke7 46. c5 dxc5 47. Nxc5 Bxa3 48. Bc2 Bxb4 49. Nxa4 b5 50. Nb6 Ra1+ 51. Ke2 Kd6 52. Be4 Ra2+ 53. Kd3 Rd2# 0-1


[Site "https://www.chess.com"]

[Event "Titled Tuesday Blitz May 4 2021"]
[White "Mamedyarov, Shakhriyar"]
[Black "Manukyan, Artyom"]
[WhiteFideId "13401319"]
[BlackFideId "13305786"]
[WhiteElo "2716"]
[BlackElo "2034"]
[Result "1-0"]
[Round "05"]
[TimeControl "180+1"]
[Date "2021.05.04"]
[WhiteClock "0:01:51"]
[BlackClock "0:00:01"]

1. d4 d5 2. c4 e6 3. Nf3 Nf6 4. Nc3 dxc4 5. e4 Bb4 6. Bg5 c5 7. Bxc4 cxd4 8. Nxd4 Bxc3+ 9. bxc3 Qa5 10. Bxf6 Qxc3+ 11. Kf1 gxf6 12. Rc1 Qa5 13. Qf3 Ke7 14. a4 Nc6 15. Qa3+ Ke8 16. Nb5 Nb4 17. Rb1 Nc2 18. Qd6 Bd7 19. Nc7+ Kd8 20. Nxa8 Kc8 21. Kg1 Rd8 22. Ba6 Nb4 23. Rc1+ Bc6 24. Rxc6+ 1-0


[Site "https://www.chess.com"]

[Event "Titled Tuesday Blitz May 4 2021"]
[White "Manukian, Artak"]
[Black "Reinaldovera"]
[WhiteFideId "13301373"]
[WhiteElo "2474"]
[BlackElo "2289"]
[Result "1-0"]
[Round "05"]
[TimeControl "180+1"]
[Date "2021.05.04"]
[WhiteClock "0:00:02"]
[BlackClock "0:00:01"]

1. e4 c5 2. Nf3 e6 3. c3 Nf6 4. e5 Nd5 5. d4 cxd4 6. cxd4 d6 7. Nc3 Nc6 8. Bd3 dxe5 9. dxe5 Bb4 10. O-O Nxc3 11. bxc3 Bxc3 12. Rb1 Bxe5 13. Nxe5 Nxe5 14. Bb5+ Bd7 15. Bxd7+ Qxd7 16. Qh5 Ng6 17. Ba3 f6 18. Rfd1 Qc6 19. Rd6 Qe4 20. Qb5+ Kf7 21. Rd7+ Kg8 22. Rxb7 Nf4 23. f3 Qe3+ 24. Kh1 Qxa3 25. Rb8+ Rxb8 26. Qxb8+ Kf7 27. Qxf4 Re8 28. Qc4 Re7 29. h3 Kf8 30. Rb8+ Kf7 31. Qc8 Kg6 32. Qc2+ Kh6 33. Rb3 Qd6 34. Qe2 Qg3 35. Qe3+ Kg6 36. Qe4+ f5 37. Qd3 Rc7 38. Rb1 Qf4 39. Re1 Kg5 40. Qd8+ Kh5 41. Qg8 h6 42. Qxe6 Kh4 43. Qe2 1-0


[Site "https://www.chess.com"]

[Event "Titled Tuesday Blitz May 4 2021"]
[White "Manukyan, Sargis A."]
[Black "Eynullayev, Altay"]
[WhiteFideId "13303970"]
[BlackFideId "13413562"]
[WhiteElo "2187"]
[BlackElo "2079"]
[Result "0-1"]
[Round "05"]
[TimeControl "180+1"]
[Date "2021.05.04"]
[WhiteClock "0:00:15"]
[BlackClock "0:00:05"]

1. d4 Nf6 2. c4 e6 3. Nc3 Bb4 4. a3 Bxc3+ 5. bxc3 O-O 6. e3 c5 7. Bd3 Nc6 8. Ne2 b6 9. O-O Ba6 10. e4 d6 11. f4 Na5 12. f5 Bxc4 13. Bxc4 Nxc4 14. Qd3 b5 15. Bg5 Nb6 16. Qxb5 Nbd7 17. Qc4 d5 18. exd5 exd5 19. Qd3 Qa5 20. Nf4 Rfe8 21. Qh3 cxd4 22. cxd4 Qd2 23. Ne6 Qc2 24. Nxg7 Ne4 25. Qg4 Kxg7 26. Bh6+ Kxh6 27. Rf3 Ng5 28. Qh4+ Kg7 29. Qxg5+ Kh8 30. Rf2 Qe4 31. Raf1 Rg8 32. Qh6 Qxd4 33. Kh1 Nf6 34. h3 Ne4 35. Rf4 Ng3+ 36. Kh2 Nxf1+ 37. Rxf1 Qe5+ 38. Kh1 Qg7 39. Qd2 Rad8 40. f6 Qg3 41. Rf2 d4 42. Rf3 Qg5 43. Qf2 d3 44. Rf5 Qc1+ 45. Kh2 d2 46. Rh5 d1=Q 47. Rxh7+ Kxh7 48. Qf5+ Kh8 49. Qh5+ Qxh5 50. h4 Qe5+ 51. Kh3 Qg3# 0-1


[Site "https://www.chess.com"]

[Event "Titled Tuesday Blitz May 4 2021"]
[White "Marcinczyk, Monika"]
[Black "Mayaud, Raphael"]
[WhiteFideId "1192051"]
[BlackFideId "627151"]
[WhiteElo "1640"]
[BlackElo "2191"]
[Result "1-0"]
[Round "05"]
[TimeControl "180+1"]
[Date "2021.05.04"]
[WhiteClock "0:01:42"]
[BlackClock "0:00:47"]

1. e4 d6 2. d4 e5 3. Nf3 exd4 4. Nxd4 g6 5. Nc3 Bg7 6. Be3 Nc6 7. Nxc6 bxc6 8. Bc4 Ne7 9. O-O O-O 10. Bd4 Be6 11. Bxg7 Kxg7 12. Qd4+ Kg8 13. Bxe6 fxe6 14. e5 Nf5 15. Qa4 Qd7 16. Rad1 Rf7 17. Ne4 c5 18. Nf6+ Rxf6 19. Qxd7 1-0


[Site "https://www.chess.com"]

[Event "Titled Tuesday Blitz May 4 2021"]
[White "Markidis, Konstantinos"]
[Black "Onufrienko, Vladislav"]
[WhiteFideId "4203500"]
[BlackFideId "13804332"]
[WhiteElo "2304"]
[BlackElo "1661"]
[Result "1/2-1/2"]
[Round "05"]
[TimeControl "180+1"]
[Date "2021.05.04"]
[WhiteClock "0:00:16"]
[BlackClock "0:00:13"]

1. e4 Nf6 2. e5 Nd5 3. d4 d6 4. c4 Nb6 5. exd6 exd6 6. Nc3 Be7 7. Bd3 O-O 8. Nge2 Bg4 9. Be3 Nc6 10. Qd2 Nb4 11. h3 Nxd3+ 12. Qxd3 Bh5 13. Nf4 Bg6 14. Nxg6 hxg6 15. d5 Nd7 16. O-O Re8 17. Rfe1 a6 18. Bd4 Bf6 19. b3 Ne5 20. Qd2 Nd7 21. Ne4 Bxd4 22. Qxd4 Nf6 23. Nc3 Qd7 24. Qf4 Qf5 25. Qxf5 gxf5 26. f3 g6 27. Kf2 Nh5 28. Rxe8+ Rxe8 29. Re1 Rxe1 30. Kxe1 Nf4 31. Kf2 Kg7 32. h4 Kf6 33. g3 Nd3+ 34. Ke3 Nc5 35. b4 Nd7 36. f4 Ke7 37. Kd4 Nf6 38. c5 Nh5 39. Ne2 f6 40. c6 b6 41. a4 g5 42. Ke3 g4 43. Kf2 Ng7 44. Nd4 Kf7 45. Ke3 Ke7 46. Kd3 Kd8 47. Ke3 Ke7 48. Kf2 Kd8 49. h5 Nxh5 50. Nxf5 Ke8 51. Ne3 Kf7 52. Nxg4 Ng7 53. Ne3 Kg6 54. Kf3 f5 55. g4 fxg4+ 56. Kxg4 Kf6 57. Kf3 Nh5 58. Nc4 Ke7 59. b5 axb5 60. axb5 Nf6 61. Ne3 Nh5 62. f5 Kf6 63. Kg4 Ng7 64. Kf4 Nh5+ 65. Kg4 Ng7 66. Kh4 Nxf5+ 67. Nxf5 Kxf5 68. Kh5 Ke5 69. Kg6 Kxd5 70. Kf6 Kc5 71. Ke6 Kxb5 72. Kd7 d5 73. Kxc7 d4 74. Kb7 d3 75. c7 d2 76. c8=Q d1=Q 77. Qc6+ Kb4 78. Qxb6+ Kc3 79. Qc6+ Kd2 80. Qd5+ Ke1 81. Qxd1+ Kxd1 1/2-1/2


[Site "https://www.chess.com"]

[Event "Titled Tuesday Blitz May 4 2021"]
[White "Martinez Lopez, David"]
[Black "Gurevich, Dmitry"]
[WhiteFideId "22235779"]
[BlackFideId "2000407"]
[WhiteElo "2370"]
[BlackElo "2506"]
[Result "1/2-1/2"]
[Round "05"]
[TimeControl "180+1"]
[Date "2021.05.04"]
[WhiteClock "0:00:10"]
[BlackClock "0:00:54"]

1. e4 c5 2. Nf3 d6 3. d4 cxd4 4. Nxd4 Nf6 5. Nc3 Nc6 6. Be2 g6 7. Be3 Bg7 8. Nb3 a6 9. f4 b5 10. a3 O-O 11. O-O Bd7 12. Bf3 Rc8 13. Kh1 Be6 14. Nd4 Nxd4 15. Bxd4 Qc7 16. h3 Bc4 17. Rf2 e5 18. Be3 exf4 19. Bxf4 Rfd8 20. Rd2 Bf8 21. Qe1 Nd7 22. Rad1 Ne5 23. Bxe5 dxe5 24. Rxd8 Rxd8 25. Rxd8 Qxd8 26. Nd5 Qd6 27. Qd1 Kg7 28. Be2 Bxd5 29. Qxd5 Qxd5 30. exd5 f5 31. b4 e4 32. c4 bxc4 33. Bxc4 a5 34. bxa5 Bxa3 35. a6 Bc5 36. g3 Kf6 37. Kg2 Ke5 38. Kf1 g5 39. Ke2 f4 40. gxf4+ gxf4 41. Bb3 f3+ 42. Kf1 e3 43. Bd1 1/2-1/2


[Site "https://www.chess.com"]

[Event "Titled Tuesday Blitz May 4 2021"]
[White "Mchedlishvili, Mikheil"]
[Black "Yang, Kaiqi"]
[WhiteFideId "13600966"]
[BlackFideId "8604398"]
[WhiteElo "2618"]
[BlackElo "2373"]
[Result "0-1"]
[Round "05"]
[TimeControl "180+1"]
[Date "2021.05.04"]
[WhiteClock "0:00:05"]
[BlackClock "0:00:05"]

1. d4 d5 2. c4 c6 3. Nf3 Nf6 4. e3 e6 5. b3 Ne4 6. Bd3 f5 7. O-O Nd7 8. Qc2 Bd6 9. Ba3 Bxa3 10. Nxa3 O-O 11. Nb1 Qf6 12. Nbd2 g5 13. Be2 g4 14. Ne1 Qg5 15. Nd3 Ndf6 16. Nf4 Bd7 17. f3 Nxd2 18. Qxd2 gxf3 19. Bxf3 Kh8 20. Rac1 Rg8 21. Qb4 b6 22. Qd6 Rae8 23. b4 Rg7 24. a4 h5 25. b5 cxb5 26. cxb5 h4 27. h3 Reg8 28. Qe5 Kh7 29. Rc7 Ne4 30. Bxe4 dxe4 31. Qd6 Qg3 32. Rxd7 Qxe3+ 33. Kh1 Qg3 34. Rxg7+ Rxg7 35. Qxe6 e3 36. Qxf5+ Kh8 37. Qe4 e2 38. Qxe2 Rf7 39. Qh5+ Kg7 40. Qg4+ Qxg4 41. hxg4 Kh6 42. Kh2 Rd7 43. Rd1 Kg5 44. Nh3+ Kxg4 45. d5 Rd6 46. Nf2+ Kf4 47. Rd4+ Ke3 48. Re4+ Kxf2 49. Re5 Rg6 50. Kh3 Rg3+ 51. Kxh4 Rxg2 52. Rf5+ Ke3 53. d6 Rd2 54. Rf6 Kd4 55. Kg5 Kc5 56. Kf5 Rxd6 57. Rxd6 Kxd6 58. Kf6 Kc5 59. Ke7 Kb4 60. Kd6 Kxa4 61. Kc6 Kb4 62. Kb7 Kxb5 0-1


[Site "https://www.chess.com"]

[Event "Titled Tuesday Blitz May 4 2021"]
[White "Mekhitarian, Krikor Sevag"]
[Black "Gelman, Alexander"]
[WhiteFideId "2107660"]
[BlackFideId "4118316"]
[WhiteElo "2598"]
[BlackElo "2375"]
[Result "0-1"]
[Round "05"]
[TimeControl "180+1"]
[Date "2021.05.04"]
[WhiteClock "0:00:03"]
[BlackClock "0:00:16"]

1. e4 c5 2. Nf3 e6 3. d4 cxd4 4. Nxd4 a6 5. Bd3 d6 6. O-O Nf6 7. c4 Bd7 8. Nc3 Nc6 9. Be3 Be7 10. f4 O-O 11. Kh1 Rc8 12. Rc1 Nxd4 13. Bxd4 Bc6 14. Qe2 Nd7 15. b4 b6 16. a3 Bf6 17. Bxf6 Qxf6 18. Qe3 Bb7 19. Be2 Rc7 20. Rfd1 Qe7 21. Qd2 Nf6 22. Qxd6 Nxe4 23. Nxe4 Bxe4 24. Qxb6 a5 25. Qxa5 Ra7 26. Qe5 f5 27. Bd3 Ba8 28. Qc3 g5 29. fxg5 Qxg5 30. Bf1 f4 31. Kg1 f3 32. Rd3 Rg7 33. Re3 f2+ 0-1


[Site "https://www.chess.com"]

[Event "Titled Tuesday Blitz May 4 2021"]
[White "Mezentsev, Ivan"]
[Black "Bortnyk, Olexandr"]
[WhiteFideId "13706195"]
[BlackFideId "14120828"]
[WhiteElo "2295"]
[BlackElo "2723"]
[Result "0-1"]
[Round "05"]
[TimeControl "180+1"]
[Date "2021.05.04"]
[WhiteClock "0:00:01"]
[BlackClock "0:00:18"]

1. d4 d6 2. Nf3 Nf6 3. Bf4 g6 4. e3 Bg7 5. h3 O-O 6. Be2 b6 7. O-O Bb7 8. a4 a6 9. c3 Nbd7 10. Na3 Qe8 11. Bh2 e5 12. Nd2 Qe7 13. Bf3 d5 14. Re1 c5 15. Nb3 Rad8 16. dxc5 Nxc5 17. a5 Nxb3 18. Qxb3 b5 19. Nc2 Rfe8 20. Nb4 Qc5 21. Red1 Ne4 22. Bxe4 dxe4 23. Bg3 Bf6 24. Rxd8 Rxd8 25. Rd1 h5 26. h4 Kg7 27. Kh2 Qe7 28. Rxd8 Qxd8 29. Qc2 Qxa5 30. Qd2 Qc7 31. Kg1 Qe7 32. Nd5 Qd8 33. c4 bxc4 34. Qb4 Qxd5 0-1


[Site "https://www.chess.com"]

[Event "Titled Tuesday Blitz May 4 2021"]
[White "Mickiewicz, Piotr"]
[Black "Mohandesi, Shahin"]
[WhiteFideId "1114891"]
[BlackFideId "12501247"]
[WhiteElo "2263"]
[BlackElo "1993"]
[Result "0-1"]
[Round "05"]
[TimeControl "180+1"]
[Date "2021.05.04"]
[WhiteClock "0:00:03"]
[BlackClock "0:00:10"]

1. Nf3 Nf6 2. g3 g6 3. Bg2 Bg7 4. O-O O-O 5. d3 d6 6. e4 e5 7. Nc3 Nc6 8. h3 Be6 9. Be3 h6 10. Qd2 Kh7 11. d4 exd4 12. Nxd4 Nxd4 13. Bxd4 Qd7 14. Kh2 Rfe8 15. Rfe1 a6 16. a4 Rad8 17. a5 Nh5 18. Rad1 Qc8 19. b3 Qd7 20. f4 Bxd4 21. Qxd4 Ng7 22. g4 f5 23. gxf5 gxf5 24. Nd5 Bxd5 25. exd5 Rxe1 26. Rxe1 Re8 27. Re3 Nh5 28. Bf3 Ng7 29. c4 Re7 30. Kg3 Ne8 31. Kf2 Rg7 32. Re6 Qd8 33. Ke2 Rg6 34. Rxg6 Kxg6 35. Qh8 Qe7+ 36. Kd3 Nf6 37. Qc8 Qe1 38. Bh5+ Nxh5 39. Qe8+ Qxe8 0-1


[Site "https://www.chess.com"]

[Event "Titled Tuesday Blitz May 4 2021"]
[White "Mikhalsky, Vladimir"]
[Black "Aliavdin, Nikolai"]
[WhiteFideId "14144352"]
[BlackFideId "13502883"]
[WhiteElo "2280"]
[BlackElo "2268"]
[Result "0-1"]
[Round "05"]
[TimeControl "180+1"]
[Date "2021.05.04"]
[WhiteClock "0:00:01"]
[BlackClock "0:00:06"]

1. c4 Nf6 2. Nc3 e5 3. g3 Bb4 4. Bg2 Bxc3 5. bxc3 O-O 6. e4 d6 7. Ne2 Nc6 8. d3 Nd7 9. O-O Nc5 10. Be3 b6 11. h3 Rb8 12. f4 exf4 13. gxf4 f5 14. e5 Bb7 15. d4 Ne4 16. d5 Na5 17. Qd4 c5 18. dxc6 Bxc6 19. exd6 Qxd6 20. Qxd6 Nxd6 21. c5 Bxg2 22. Kxg2 Ndc4 23. Bd4 Rfe8 24. Ng3 bxc5 25. Bxc5 g6 26. Rab1 Rbc8 27. Bd4 Nd2 28. Rb5 Nxf1 29. Rxa5 Nxg3 30. Kxg3 Re7 31. Kh4 Rcc7 32. Kg5 Kf7 33. h4 Re2 34. Ra6 Rg2+ 35. Kh6 Rg4 36. Bf6 Rxf4 37. Kxh7 Re4 38. Bg5 Re6 39. Ra3 Ke8+ 40. Kh6 Kf7 41. c4 Rec6 42. Rd3 Rxc4 43. Rd8 R4c6 44. Rb8 Ke6 45. Kxg6 Ke5+ 46. Kh5 Re6 47. Rb5+ Ke4 48. Rb4+ Kd3 49. Bf4 Rc4 50. Rb3+ Ke4 51. Kg5 Rd4 52. Bb8 Kd5 53. Bxa7 Rc4 54. Rd3+ Ke4 55. Re3+ Kd5 56. Rd3+ Kc6 57. Rb3 Rxh4 58. Kxf5 Ree4 59. Kg5 Rhg4+ 60. Kf5 Rgf4+ 61. Kg5 Rf1 62. Rc3+ Kd5 63. Be3 Re1 64. Bd2 Rd1 65. Bf4 Rg1+ 66. Kf5 Ree1 67. Rd3+ Kc4 68. Rd2 Rgf1 69. Kg4 Re4 70. Rc2+ Kd3 71. Rd2+ Kc3 72. Kg3 Rfxf4 0-1


[Site "https://www.chess.com"]

[Event "Titled Tuesday Blitz May 4 2021"]
[White "Minaya, Juan"]
[Black "Alice, Mateus Felizardo Viageiro"]
[WhiteFideId "4400283"]
[BlackFideId "14800047"]
[WhiteElo "1849"]
[BlackElo "2189"]
[Result "0-1"]
[Round "05"]
[TimeControl "180+1"]
[Date "2021.05.04"]
[WhiteClock "0:00:08"]
[BlackClock "0:01:33"]

1. Nf3 Nf6 2. c4 e6 3. g3 b6 4. Bg2 Ba6 5. b3 Be7 6. O-O Bb7 7. Bb2 O-O 8. d3 c5 9. Nc3 d5 10. Ne5 Nc6 11. Nxc6 Bxc6 12. e4 d4 13. Ne2 Qc7 14. h3 a5 15. f4 Rfd8 16. Rf2 a4 17. e5 Ne8 18. Kh2 Bxg2 19. Rxg2 g6 20. g4 Qc6 21. Ng3 axb3 22. axb3 Rxa1 23. Qxa1 Ra8 24. Qb1 Qf3 25. Ne4 Qxf4+ 26. Kh1 Qxe5 27. Bc1 Nd6 28. Ng3 Bh4 29. Ne2 Bg5 30. Bf4 Bxf4 31. b4 Be3 32. bxc5 bxc5 33. Nc1 Bxc1 34. Qxc1 Qe3 35. Qxe3 dxe3 36. Re2 Ra3 37. Rxe3 Nxc4 38. Re2 Rxd3 39. Rc2 Rxh3+ 40. Kg2 Ne3+ 41. Kxh3 Nxc2 0-1


[Site "https://www.chess.com"]

[Event "Titled Tuesday Blitz May 4 2021"]
[White "Mitra, Roman C"]
[Black "Juhasz, Agoston"]
[WhiteFideId "419540"]
[BlackFideId "778346"]
[WhiteElo "2174"]
[BlackElo "2211"]
[Result "0-1"]
[Round "05"]
[TimeControl "180+1"]
[Date "2021.05.04"]
[WhiteClock "0:02:10"]
[BlackClock "0:01:44"]

1. e4 c5 2. Nf3 e6 3. d4 cxd4 4. Nxd4 Nc6 5. c4 Nf6 6. Nxc6 bxc6 7. Bd3 e5 8. Bg5 h6 9. Bh4 Be7 10. Nc3 O-O 11. O-O Rb8 12. Qc2 d6 13. Rfd1 Nh5 14. Bxe7 Qxe7 15. Ne2 Rd8 16. Rac1 Bg4 17. b3 Bxe2 18. Qxe2 Nf4 19. Qf1 Qg5 20. Be2 Ne6 21. g3 Nd4 0-1


[Site "https://www.chess.com"]

[Event "Titled Tuesday Blitz May 4 2021"]
[White "Mohammad Fahad, Rahman"]
[Black "Sadhwani, Raunak"]
[WhiteFideId "10207791"]
[BlackFideId "35093487"]
[WhiteElo "2308"]
[BlackElo "2514"]
[Result "1-0"]
[Round "05"]
[TimeControl "180+1"]
[Date "2021.05.04"]
[WhiteClock "0:00:05"]
[BlackClock "0:00:04"]

1. e4 d6 2. d4 Nf6 3. Nc3 g6 4. Be3 a6 5. a4 b6 6. Qd2 Bb7 7. f3 h5 8. Bc4 e6 9. Bb3 Bg7 10. Nge2 Nbd7 11. Bg5 Qc8 12. O-O-O b5 13. Kb1 b4 14. Na2 a5 15. Rhe1 Nb6 16. Nac1 Qd7 17. Qf4 Nh7 18. Bh6 Bxh6 19. Qxh6 O-O-O 20. Nf4 Kb8 21. Nfd3 Nxa4 22. e5 Nb6 23. Qf4 Ka7 24. Ba2 Bd5 25. Nb3 a4 26. Nbc1 Bxa2+ 27. Nxa2 Nd5 28. Qd2 Rb8 29. Ndxb4 Qb5 30. c3 Nb6 31. exd6 cxd6 32. Qf4 Qd7 33. d5 e5 34. Qe3 Kb7 35. Nc6 Ra8 36. Nab4 Nf6 37. Qc1 a3 38. bxa3 Kc7 39. c4 Na4 40. Ka2 Nc5 41. Nd3 Nxd3 42. Rxd3 Rhc8 43. f4 e4 44. Rb3 Qg4 45. Qb2 Kd7 46. Qxf6 Qxg2+ 47. Rb2 Rxa3+ 48. Kxa3 Ra8+ 49. Kb4 1-0


[Site "https://www.chess.com"]

[Event "Titled Tuesday Blitz May 4 2021"]
[White "Molchanov, Alexander"]
[Black "Shahinyan, David"]
[WhiteFideId "24177687"]
[BlackFideId "13304380"]
[WhiteElo "2537"]
[BlackElo "2372"]
[Result "0-1"]
[Round "05"]
[TimeControl "180+1"]
[Date "2021.05.04"]
[WhiteClock "0:00:39"]
[BlackClock "0:01:28"]

1. d4 Nf6 2. Nf3 c5 3. e3 a6 4. Nbd2 e6 5. Bd3 b5 6. c3 Bb7 7. O-O Be7 8. e4 d6 9. Qe2 Nbd7 10. a4 c4 11. Bc2 O-O 12. e5 Nd5 13. Ne4 dxe5 14. dxe5 Qc7 15. Ng3 Nc5 16. Bg5 h6 17. Bxe7 Qxe7 18. axb5 axb5 19. Nd4 Nf4 20. Qg4 Nxg2 21. Rxa8 Rxa8 22. Nxb5 Nh4 23. f4 Nd3 24. Nd6 Bd5 25. Nde4 Qa7+ 26. Kh1 Qf2 27. Bxd3 Qg2# 0-1


[Site "https://www.chess.com"]

[Event "Titled Tuesday Blitz May 4 2021"]
[White "Moore, Nicholas"]
[Black "Dong, Bao Nghia"]
[WhiteFideId "4303709"]
[BlackFideId "12400343"]
[WhiteElo "2371"]
[BlackElo "2409"]
[Result "1-0"]
[Round "05"]
[TimeControl "180+1"]
[Date "2021.05.04"]
[WhiteClock "0:00:15"]
[BlackClock "0:00:09"]

1. d4 e6 2. c4 d5 3. Nf3 c6 4. Qc2 Nf6 5. g3 Ne4 6. Bg2 Be7 7. O-O O-O 8. b3 f5 9. Bb2 Nd7 10. Ne1 b5 11. cxb5 cxb5 12. Qc6 Nb6 13. Qxb5 a5 14. Qd3 Ba6 15. Qd1 a4 16. Nd3 Qb8 17. Re1 Bb4 18. Nxb4 f4 19. Nxa6 Rxa6 20. Qd3 fxg3 21. hxg3 Nxf2 22. Qe3 Nc4 23. bxc4 Qxb2 24. Nd2 Ng4 25. Qg5 Qxd4+ 26. e3 Qxd2 27. Qxg4 Rf2 28. Qh3 dxc4 29. Rad1 Qb2 30. Rd8+ Kf7 31. Qh5+ Ke7 32. Qe8+ Kf6 33. Qf8+ Ke5 34. Qxf2 Qxf2+ 35. Kxf2 Rb6 36. Re2 a3 37. Rc2 Rb2 38. Rdd2 c3 39. Re2 1-0


[Site "https://www.chess.com"]

[Event "Titled Tuesday Blitz May 4 2021"]
[White "Morris-Suzuki, Sophie"]
[Black "Belanoff, Ted"]
[WhiteFideId "30922615"]
[BlackFideId "2070588"]
[WhiteElo "2396"]
[BlackElo "2173"]
[Result "1-0"]
[Round "05"]
[TimeControl "180+1"]
[Date "2021.05.04"]
[WhiteClock "0:00:48"]
[BlackClock "0:00:10"]

1. c4 Nf6 2. Nc3 g6 3. Nf3 d5 4. d4 Bg7 5. cxd5 Nxd5 6. e4 Nxc3 7. bxc3 c5 8. Bc4 cxd4 9. cxd4 O-O 10. h3 Nc6 11. Be3 Bd7 12. O-O e6 13. Rb1 Na5 14. Bd3 b6 15. Qd2 Bc6 16. Bh6 Re8 17. Bxg7 Kxg7 18. h4 Bb7 19. h5 Qf6 20. e5 Qd8 21. h6+ Kg8 22. Qe3 Nc6 23. Be4 Qd7 24. Qf4 Qe7 25. Rbc1 Rac8 26. Ng5 Nxd4 27. Kh2 Ne2 28. Qe3 Nxc1 29. Bxb7 Qxb7 30. Ne4 Re7 31. Nd6 Qd7 32. Nxc8 Qxc8 33. Rxc1 Qf8 34. Qg5 f6 35. exf6 Rf7 36. f3 Rxf6 37. Rc7 Rf5 38. Qe3 Rh5+ 39. Kg1 Rxh6 40. Qxe6+ Kh8 41. Rc8 Qxc8 42. Qxc8+ Kg7 43. Qc7+ Kf6 44. Qf4+ Kg7 45. Qc7+ Kf6 46. Qxa7 Kg5 47. Qxb6 Kh5 48. g4+ Kh4 49. Qf2+ Kg5 50. Qe3+ Kh4 51. Qxh6+ Kg3 52. Qxh7 g5 53. Qf5 Kh3 1-0


[Site "https://www.chess.com"]

[Event "Titled Tuesday Blitz May 4 2021"]
[White "Mortazavi, Ali"]
[Black "Kovalev, Vladislav"]
[WhiteFideId "401323"]
[BlackFideId "13504398"]
[WhiteElo "2339"]
[BlackElo "2573"]
[Result "0-1"]
[Round "05"]
[TimeControl "180+1"]
[Date "2021.05.04"]
[WhiteClock "0:00:02"]
[BlackClock "0:00:12"]

1. Nf3 Nf6 2. g3 g6 3. Bg2 Bg7 4. O-O O-O 5. d3 d6 6. e4 c5 7. e5 dxe5 8. Nxe5 Nbd7 9. Nc4 Nb6 10. Na5 Nbd5 11. Nb3 Qc7 12. h3 Bd7 13. a4 Rac8 14. N1d2 Rfd8 15. Re1 b6 16. Nc4 h6 17. Qe2 Bc6 18. Ne5 Bb7 19. c3 e6 20. a5 b5 21. a6 Ba8 22. Ra5 Qb6 23. Ra1 Nd7 24. Ng4 Kh7 25. h4 Ne7 26. Bxa8 Rxa8 27. Qf3 f5 28. Nxh6 Bxh6 29. Bxh6 Kxh6 30. Qe3+ Kg7 31. Qxe6 Qxe6 32. Rxe6 Kf7 33. Rae1 Nd5 34. Rd6 N5f6 35. d4 cxd4 36. Nxd4 Nc5 37. Rc6 Nce4 38. Nxb5 Rab8 39. c4 Rd7 40. b3 Nd2 41. Kg2 Nfe4 42. f3 Nf6 43. Ree6 Ne8 44. Rxg6 Nxb3 45. Rh6 Nd2 46. Rh7+ Ng7 0-1


[Site "https://www.chess.com"]

[Event "Titled Tuesday Blitz May 4 2021"]
[White "Moultino06"]
[Black "Quesada Perez, Yasser"]
[BlackFideId "3509362"]
[WhiteElo "2685"]
[BlackElo "2420"]
[Result "1/2-1/2"]
[Round "05"]
[TimeControl "180+1"]
[Date "2021.05.04"]
[WhiteClock "0:00:07"]
[BlackClock "0:00:03"]

1. c4 e5 2. b3 Nf6 3. Bb2 Nc6 4. e3 d5 5. cxd5 Nxd5 6. a3 Bd6 7. Qc2 O-O 8. Nf3 Qe7 9. Bd3 f5 10. Bc4 Be6 11. d3 Kh8 12. Nbd2 a6 13. b4 Rae8 14. h4 Bg8 15. Qb3 Nf6 16. Rc1 Ng4 17. Bxg8 Rxg8 18. Ng5 Rgf8 19. Ke2 Nd4+ 20. exd4 exd4+ 21. Kd1 Nxf2+ 22. Kc2 Nxh1 23. Rxh1 h6 24. Qd5 c5 25. bxc5 Bxc5 26. Kb3 Rc8 27. Ka2 Bxa3 28. Bxa3 Rc2+ 29. Kb1 Qxa3 30. Kxc2 Rc8+ 31. Nc4 Qc3+ 32. Kd1 Qxd3+ 33. Nd2 Qc2+ 34. Ke2 Re8+ 35. Ne6 Qc3 36. Re1 d3+ 37. Kf1 Qxd2 38. Qd4 Rg8 39. Nxg7 Rxg7 40. Re7 Qd1+ 41. Kf2 Qd2+ 42. Kf1 Qd1+ 43. Kf2 Qd2+ 44. Kf1 1/2-1/2


[Site "https://www.chess.com"]

[Event "Titled Tuesday Blitz May 4 2021"]
[White "Mustafayev, Farid"]
[Black "Quintiliano Pinto, Renato R."]
[WhiteFideId "13408771"]
[BlackFideId "2117568"]
[WhiteElo "2097"]
[BlackElo "2439"]
[Result "0-1"]
[Round "05"]
[TimeControl "180+1"]
[Date "2021.05.04"]
[WhiteClock "0:00:05"]
[BlackClock "0:00:10"]

1. d4 d5 2. c4 c6 3. Nc3 Nf6 4. Nf3 dxc4 5. a4 Bf5 6. Ne5 Nbd7 7. Nxc4 Qc7 8. g3 e5 9. Bg2 exd4 10. Qxd4 Bc5 11. Qf4 Qxf4 12. Bxf4 O-O 13. O-O a5 14. Nd6 Bxd6 15. Bxd6 Rfe8 16. f3 Nb6 17. e4 Nc4 18. Bf4 Be6 19. b3 Nb6 20. Rab1 Nbd7 21. Be3 Red8 22. Rfd1 Ne5 23. Bd4 Ned7 24. f4 Bg4 25. Rd2 Nf8 26. f5 c5 27. Be3 Rxd2 28. Bxd2 Rd8 29. Rb2 Rd3 30. Kf2 Bh5 31. h3 N8d7 32. g4 Bxg4 33. hxg4 Nxg4+ 34. Ke2 Rg3 35. Bf3 Nde5 36. Bxg4 Nxg4 37. Nd1 h5 38. Be1 Rg2+ 39. Kf1 Ne3+ 40. Nxe3 Rxb2 41. Nc4 Rxb3 42. Nxa5 Ra3 43. Nxb7 Rxa4 44. Nxc5 Rc4 45. Bf2 h4 46. e5 h3 47. Nd3 Rc3 48. Nf4 Rf3 49. Nxh3 Rxh3 50. e6 f6 51. Kg2 Rh5 52. Kf3 Rxf5+ 53. Kg2 Re5 0-1


[Site "https://www.chess.com"]